 Dungeon Crawl Stone Soup version 0.23.1-37-gaa34b87 (webtiles) character file.

Game seed: 1833172497894981624

67532 zedzed the Demonic Catastrophe (level 14, -4/135 HPs)
             Began as a Demonspawn Wanderer on Mar 23, 2019.
             Was an Elder of Qazlal.
             Slain by bmj180's ghost (30 damage)
             ... while paralysed
             ... on level 13 of the Dungeon on Mar 24, 2019.
             The game lasted 02:08:57 (30288 turns).

zedzed the Demonic Catastrophe (DsWn)              Turns: 30288, Time: 02:09:01

Health: -4/135     AC: 12    Str: 20    XL:     14   Next: 83%
Magic:  34/34      EV:  2    Int: 22    God:    Qazlal [****..]
Gold:   1186       SH:  0    Dex: 14    Spells: 22/25 levels left

rFire    . . .     SeeInvis .   z - +3 hand axe (flame)
rCold    . . .     Gourm    +   C - +5 buckler of the Poles {*Drain rElec rPois Int+7}
rNeg     . . .     Faith    .   o - +2 ring mail {MR+}
rPois    +         Spirit   .   (helmet restricted)
rElec    +         Reflect  .   (no cloak)
rCorr    .         Harm     .   P - +2 pair of gloves {archery}
MR       ++++.                  (boots unavailable)
Stlth    ++........             I - amulet "Loin" {Gourm MR++}
HPRegen  0.32/turn              k - +5 ring of evasion
MPRegen  0.24/turn              w - ring of magical power

@: paralysed, mighty, berserk cooldown, slowed, repel missiles
A: antennae 1, beak, claws 2, talons 3, nightstalker 2, powered by pain 1,
robust 2, screaming 1
a: Upheaval, Elemental Force, Renounce Religion


You were on level 13 of the Dungeon.
You worshipped Qazlal.
Qazlal was greatly pleased with you.
You were full.

You visited 3 branches of the dungeon, and saw 20 of its levels.
You visited the Abyss 1 time.
You also visited: Ossuary.

You collected 1328 gold pieces.
You spent 142 gold pieces at shops.

Inventory:

Hand Weapons
 j - a +0 hunting sling
 u - a +0 war axe
 z - a +3 hand axe of flaming (weapon)
Missiles
 p - 206 sling bullets
 N - 4 javelins of returning (quivered)
Armour
 i - +0 acid dragon scales
 o - a +2 ring mail of magic resistance (worn)
 C - the +5 buckler of the Poles (worn) {*Drain rElec rPois Int+7}
   (You bought it in a shop on level 5 of the Dungeon)

   It affects your intelligence (+7).
   It insulates you from electricity.
   It protects you from poison.
   It causes draining when unequipped.
 P - a +2 pair of gloves of archery (worn)
Jewellery
 b - a +3 ring of dexterity {unknown}
 k - a +5 ring of evasion (left hand)
 w - a ring of magical power (right hand)
 F - the ring "Upseuhaf" {Wiz Int+3}
   (You found it on level 5 of the Lair of Beasts)

   [ring of wizardry]

   It improves your spell success rate.
   It affects your intelligence (+3).
 I - the amulet "Loin" (around neck) {Gourm MR++}
   (You found it on level 10 of the Dungeon)

   [amulet of the gourmand]

   It allows you to eat raw meat even when not hungry.
   It affects your resistance to hostile enchantments.
 J - an uncursed ring of poison resistance
 K - an uncursed ring of protection from fire
 L - a +5 ring of intelligence
 M - an uncursed ring of ice
 W - an uncursed ring of resist corrosion
Wands
 m - a wand of enslavement (3)
 q - a wand of polymorph (21)
 s - a wand of flame (21)
 v - a wand of paralysis (2)
 V - a wand of digging (11)
Scrolls
 a - 2 scrolls of fog
 c - a scroll of enchant weapon
 h - a scroll of summoning
 n - 2 scrolls of magic mapping
 r - 12 scrolls of identify
 t - 2 scrolls of remove curse
 x - 6 scrolls of teleportation
 y - 3 scrolls of enchant armour
 A - 2 scrolls of amnesia
Potions
 d - 4 potions of lignification
 e - 2 potions of magic
 g - 3 potions of curing
 l - 3 potions of haste
 B - 4 potions of might
 D - 2 potions of flight {unknown}
 E - a potion of agility
 G - a potion of berserk rage
 H - 2 potions of brilliance
 O - a potion of cancellation {unknown}
 Q - 2 potions of invisibility {unknown}
 T - a potion of ambrosia {unknown}
Comestibles
 f - 25 rations


   Skills:
 - Level 11.2 Fighting
   Level 2.5(2.6) Short Blades
   Level 1.0(1.8) Long Blades
 + Level 11.0 Axes
   Level 1.0(7.1) Polearms
 * Level 8.9 Armour
 - Level 6.7 Dodging
 - Level 1.7 Stealth
 - Level 4.1 Shields
 - Level 6.0 Spellcasting
 - Level 9.3 Hexes
 * Level 15.4 Invocations
 - Level 1.0 Evocations


You had 22 spell levels left.
You knew the following spells:

 Your Spells              Type           Power        Failure   Level  Hunger
a - Confuse               Hex            #####...     1%          3    #......

Your spell library contained the following spells:

 Spells                   Type           Power        Failure   Level  Hunger
 Confusing Touch          Hex            #####.       1%          1    None
 Corona                   Hex            #####..      1%          1    None
 Slow                     Hex            #####...     1%          2    None
 Cause Fear               Hex            #####.....   3%          4    ###....
 Dazzling Spray           Conj/Hex       ####..       6%          3    #......
 Inner Flame              Hex/Fire       ####....     6%          3    #......
 Portal Projectile        Hex/Tloc       ####..       6%          3    #......
 Spectral Weapon          Hex/Chrm       ####....     6%          3    #......
 Flame Tongue             Conj/Fire      #....        14%         1    None
 Infusion                 Chrm           #...         14%         1    None
 Magic Dart               Conj           #...         14%         1    None
 Summon Butterflies       Summ           #.......     14%         1    None
 Blink                    Tloc           N/A          21%         2    None
 Call Imp                 Summ           #.......     21%         2    None
 Searing Ray              Conj           #.....       21%         2    None
 Shroud of Golubria       Chrm/Tloc      #.........   21%         2    None
 Song of Slaying          Chrm           #.......     21%         2    None
 Throw Flame              Conj/Fire      #.....       21%         2    None
 Fulminant Prism          Conj/Hex       ####......   21%         4    ###....
 Leda's Liquefaction      Hex/Erth       ####......   21%         4    ###....
 Call Canine Familiar     Summ           #.......     38%         3    #......
 Conjure Flame            Conj/Fire      #.......     38%         3    #......
 Gell's Gravitas          Tloc           #.........   38%         3    #......
 Mephitic Cloud           Conj/Pois/Air  #.......     38%         3    #......
 Regeneration             Chrm/Necr      #.........   38%         3    #......
 Metabolic Englaciation   Hex/Ice        ####......   50%         5    #####..
 Summon Mana Viper        Hex/Summ       ####....     50%         5    #####..
 Yara's Violent Unravell  Hex/Tmut       ####......   50%         5    #####..
 Force Lance              Conj/Tloc      #.......     80%         4    ###....
 Iskenderun's Mystic Bla  Conj           #.......     80%         4    ###....
 Petrify                  Tmut/Erth      #.......     80%         4    ###....
 Sticky Flame             Conj/Fire      #.......     80%         4    ###....
 Summon Ice Beast         Ice/Summ       #.......     80%         4    ###....
 Fireball                 Conj/Fire      #.........   98%         5    #####..
 Summon Hydra             Summ           #.........   100%        7    #######


Dungeon Overview and Level Annotations

Branches:
Dungeon (13/15)            Temple (1/1) D:5            Lair (6/6) D:10
 Shoals (0/4) Lair:3        Snake (0/4) Lair:2        Slime (0/5) Lair:5
    Orc (0/2) D:10         Vaults (0/5) D:13

Altars:
Ashenzari
Cheibriados
Dithmenos
Elyvilon
Fedhas
Gozag
Hepliaklqana
Kikubaaqudgha
Makhleb
Nemelex Xobeh
Okawaru
Qazlal
Ru
Sif Muna
Trog
Uskayaw
Vehumet
Wu Jian
Xom
Yredelemnul
Zin
The Shining One

Shops:
D:4 *   D:5 [*

Annotations:
D:8 exclusion: ice statue
D:13 bmj180's ghost, journeyman TrMo


Innate Abilities, Weirdness & Mutations

You have a pair of small antennae on your head.
You have very sharp fingernails.
You have claws for feet.
You are significantly more attuned to the shadows.
You sometimes gain a little power by taking damage.
You are very robust. (+20% HP)
You have a beak for a mouth.
You occasionally shout uncontrollably at your foes.


Message History

Bmj180's ghost is heavily damaged.
You miss bmj180's ghost. You claw bmj180's ghost.
Bmj180's ghost is heavily damaged.
Bmj180's ghost closely misses you.
You completely miss bmj180's ghost. Your peck misses bmj180's ghost.
Bmj180's ghost is heavily damaged.
You miss bmj180's ghost. Your kick misses bmj180's ghost.
Your peck misses bmj180's ghost.
Bmj180's ghost is heavily damaged.
You block bmj180's ghost's attack.
You hit bmj180's ghost but do no damage.
Your peck misses bmj180's ghost.
Bmj180's ghost is heavily damaged.
You miss bmj180's ghost. Your kick misses bmj180's ghost.
You peck bmj180's ghost, but do no damage.
Bmj180's ghost is heavily damaged.
You are no longer berserk.
You pass out from exhaustion.
You feel yourself slow down. Bmj180's ghost hits you!!
You die...

##.### ###
#....# ###..
#....#
########....
#..W.#
###........#..
#....#
#...########..
#...D# ##.###
#.. #....#
##..# #..
#....#####..##
..
#....((W@..##
. #....#######
# ######


You could see bmj180's ghost.

Vanquished Creatures
  A dire elephant (Lair:5)
  Harold (Lair:1)
  3 vault guards
  6 hydras
  2 catoblepae (Lair:6)
  2 centaur warriors (D:13)
  A two-headed ogre (D:8)
  8 death yaks
  A death knight (D:11)
  Urug (D:11)
  An unseen horror (D:11)
  3 lindwurms
  7 ugly things
  An oklob plant (Lair:3)
  A deep elf mage (D:12)
  2 manticores (Lair:6)
  3 cyclopes
  An eye of devastation (Lair:5)
  19 elephants
  4 black mambas
  A torpor snail (Lair:5)
  12 spiny frogs
  2 centaur skeletons
  A molten gargoyle (Lair:6)
  4 rime drakes
  2 kobold demonologists (D:13)
  7 komodo dragons
  5 polar bears
  7 trolls
  3 hornets
  A blink frog (Lair:6)
  Prince Ribbit (D:8)
  Grinder (D:5)
  2 dream sheep (Lair:6)
  11 hippogriffs
  A slime creature (D:12)
  A wraith (D:10)
  Sigmund (D:4)
  A spriggan (D:8)
  Grum (D:12)
  A shadow (D:12)
  A hungry ghost (D:12)
  4 wyverns
  5 basilisks
  34 yaks
  2 vampire mosquitoes (D:12)
  A chaos spawn (Abyss:1)
  An acid dragon (D:11)
  A soldier ant (D:10)
  7 water moccasins
  8 porcupines
  9 orc warriors
  A slave (D:4)
  3 eyes of draining
  A sky beast (D:13)
  An ice beast (D:10)
  3 necrophages
  4 black bears
  3 ogres
  2 phantoms
  12 wolves
  8 centaurs
  7 big kobolds
  11 crocodiles
  21 bullfrogs
  An elf zombie (Ossuary)
  A wyvern skeleton (D:8)
  3 scorpions
  8 killer bees (D:11)
  5 wights (D:13)
  2 howler monkeys (D:7)
  3 bullfrog zombies
  4 crimson imps
  3 starcursed masses (Abyss:1)
  4 centaur zombies
  4 jellies
  7 orc priests
  6 hounds
  A human zombie (Ossuary)
  3 bullfrog skeletons
  9 iguanas
  16 orc wizards
  9 worker ants
  A big kobold zombie (Ossuary)
  2 hound zombies
  2 mummies (Ossuary)
  A howler monkey skeleton (D:6)
  11 adders
  4 shadow imps
  2 adder zombies (Ossuary)
  3 worms
  5 leopard geckos
  65 orcs
  2 ball pythons
  4 giant cockroaches
  8 hobgoblins
  7 jackals
  6 quokkas
  9 bats
  5 frilled lizards
  4 goblins
  A goblin zombie (Ossuary)
  12 hobgoblin zombies (Ossuary)
  A jackal skeleton (D:4)
  A jackal zombie (Ossuary)
  21 kobolds
  6 kobold zombies (Ossuary)
  A leopard gecko zombie (D:5)
  9 orc zombies (Ossuary)
  15 rats
  A rat zombie (Ossuary)
  4 fungi
  A starspawn tentacle (Abyss:1)
587 creatures vanquished.

Vanquished Creatures (collateral kills)
  A vault guard (D:13)
  2 lindwurms (Lair:5)
  Psyche (D:11)
  A black mamba (Lair:2)
  A polar bear (Lair:2)
  A hippogriff (Lair:2)
  A water moccasin (Lair:5)
  2 crocodiles (Lair:5)
10 creatures vanquished.

Vanquished Creatures (others)
  A hippogriff (D:10)
  A yak (D:8)
  16 fungi
  53 plants
  3 starspawn tentacles (Abyss:1)
74 creatures vanquished.

Grand Total: 671 creatures vanquished

Notes
Turn   | Place    | Note
-------+----------+-------------------------------------------
     0 | D:1      | zedzed the Demonspawn Wanderer began the quest for the Orb.
     0 | D:1      | zedzed set off with the following items: a +2 dagger, a
                  | scroll of fear, a +0 spear, a potion of lignification, a +0
                  | robe, a ration
     0 | D:1      | Reached XP level 1. HP: 15/15 MP: 1/1
   229 | D:1      | Gained mutation: You are slightly more attuned to the
                  | shadows. [demonic ancestry]
   229 | D:1      | Reached XP level 2. HP: 18/22 MP: 2/2
   457 | D:1      | Reached skill level 1 in Short Blades
   858 | D:2      | Gained mutation: You have sharp fingernails. [demonic
                  | ancestry]
   858 | D:2      | Reached XP level 3. HP: 21/28 MP: 3/3
  1644 | D:2      | Found a bloodstained altar of Trog.
  1827 | D:3      | Reached XP level 4. HP: 16/35 MP: 4/4
  2433 | D:3      | Reached XP level 5. HP: 32/42 MP: 5/5
  2987 | D:4      | Found a sand-covered staircase.
  2995 | Ossuary  | Entered an ossuary
  3117 | Ossuary  | Reached skill level 1 in Axes
  3140 | Ossuary  | Gained mutation: You sometimes gain a little power by
                  | taking damage. [demonic ancestry]
  3140 | Ossuary  | Reached XP level 6. HP: 35/49 MP: 6/6
  3264 | Ossuary  | Reached skill level 5 in Fighting
  3340 | D:4      | Found a burning altar of Makhleb.
  3411 | D:4      | Noticed a slave
  3438 | D:4      | Killed a slave
  3557 | D:4      | Noticed Sigmund
  3561 | D:4      | Killed Sigmund
  3561 | D:4      | Gained mutation: You have very sharp fingernails. [demonic
                  | ancestry]
  3561 | D:4      | Reached XP level 7. HP: 56/56 MP: 7/7
  3845 | D:4      | Found Eroutt's General Store.
  3972 | D:5      | Entered Level 5 of the Dungeon
  4022 | D:5      | Noticed Grinder
  4157 | D:5      | Killed Grinder
  4157 | D:5      | Reached skill level 5 in Axes
  4157 | D:5      | Gained mutation: You are significantly more attuned to the
                  | shadows. [demonic ancestry]
  4157 | D:5      | Reached XP level 8. HP: 38/64 MP: 8/8
  4520 | D:5      | Found Paukiar's Antique Armour Shop.
  4523 | D:5      | Bought a steaming buckler for 142 gold pieces
  4528 | D:5      | Identified the +5 buckler of the Poles {*Drain rElec rPois
                  | Int+7} (You bought it in a shop on level 5 of the Dungeon)
  5016 | D:5      | Found a staircase to the Ecumenical Temple.
  5034 | Temple   | Entered the Ecumenical Temple
  5245 | Temple   | Became a worshipper of Qazlal Stormbringer
  5283 | D:5      | Found Dalyer's General Store.
  5589 | D:5      | Found a snail-covered altar of Cheibriados.
  5704 | D:5      | Found a deep blue altar of Sif Muna.
  5707 | D:5      | Found a basalt altar of Yredelemnul.
  5709 | D:5      | Found an opulent altar of Gozag.
  5710 | D:5      | Found an ancient bone altar of Kikubaaqudgha.
  5714 | D:5      | Found a shadowy altar of Dithmenos.
  5916 | D:6      | Reached skill level 1 in Invocations
  6134 | D:6      | Reached skill level 2 in Invocations
  6299 | D:6      | Reached skill level 3 in Invocations
  6338 | D:6      | Reached skill level 4 in Invocations
  6449 | D:6      | Reached skill level 5 in Invocations
  6511 | D:6      | Learned a level 3 spell: Confuse
  6985 | D:7      | Reached skill level 1 in Spellcasting
  6985 | D:7      | Reached skill level 1 in Hexes
  7007 | D:7      | Gained mutation: You have sharp toenails. [demonic
                  | ancestry]
  7007 | D:7      | Reached XP level 9. HP: 69/69 MP: 13/13
  7143 | D:7      | Reached * piety under Qazlal
  7427 | D:7      | Found a radiant altar of Vehumet.
  8172 | D:8      | Noticed an ice statue
  8752 | D:8      | Noticed Prince Ribbit
  8764 | D:8      | Killed Prince Ribbit
  8955 | D:9      | Reached skill level 5 in Hexes
  9064 | D:9      | Noticed a two-headed ogre
  9067 | D:9      | Reached ** piety under Qazlal
  9307 | D:9      | Noticed a troll
  9359 | D:8      | Reached skill level 5 in Spellcasting
  9466 | D:8      | Killed a troll
  9466 | D:8      | Reached XP level 10. HP: 23/76 MP: 14/18
  9968 | D:8      | Reached skill level 1 in Armour
 10620 | D:8      | Killed a two-headed ogre
 10856 | D:9      | You fall through a shaft!
 10856 | D:10     | Entered Level 10 of the Dungeon
 10884 | D:10     | Reached *** piety under Qazlal
 11012 | D:10     | Reached skill level 5 in Dodging
 11198 | D:10     | Found a staircase to the Orcish Mines.
 11222 | D:10     | Found a staircase to the Lair.
 11229 | D:10     | Gained mutation: You are robust. (+10% HP) [demonic
                  | ancestry]
 11229 | D:10     | Reached XP level 11. HP: 76/89 MP: 17/20
 11783 | D:10     | You fall through a shaft for 3 floors!
 11794 | D:13     | Noticed a vault guard
 11795 | D:13     | Noticed a vault guard
 11797 | D:13     | Noticed a vault guard
 11813 | D:13     | Noticed a centaur warrior
 11833 | D:13     | Killed a centaur warrior
 11937 | D:12     | Noticed a cyan ugly thing
 11986 | D:12     | HP: 1/89 [cyan ugly thing (4)]
 11987 | D:12     | Killed a cyan ugly thing
 11987 | D:12     | Reached skill level 5 in Armour
 12446 | D:12     | Noticed a deep elf mage
 12464 | D:12     | Killed a deep elf mage
 13096 | D:11     | Noticed Grum
 13096 | D:11     | Noticed Urug
 13278 | D:12     | Killed Grum
 13507 | D:11     | Reached **** piety under Qazlal
 14080 | D:10     | Got a heavily runed ivory amulet
 14087 | D:10     | Identified the amulet "Loin" {Gourm MR++} (You found it on
                  | level 10 of the Dungeon)
 14297 | Lair:1   | Entered Level 1 of the Lair of Beasts
 14487 | Lair:1   | Noticed Harold
 14499 | Lair:1   | Killed Harold
 14669 | Lair:1   | Gained mutation: You have razor-sharp toenails. [demonic
                  | ancestry]
 14669 | Lair:1   | Reached XP level 12. HP: 77/101 MP: 21/21
 14776 | Lair:1   | Noticed a seven-headed hydra
 14786 | Lair:1   | Killed a two-headed hydra
 15003 | Lair:1   | Gained mutation: You possess an exceptional clarity of
                  | mind. [potion of mutation]
 15003 | Lair:1   | Gained mutation: Armour fits poorly on your strangely
                  | shaped body. [potion of mutation]
 15003 | Lair:1   | Gained mutation: You are dopey. (Int -2) [potion of
                  | mutation]
 15003 | Lair:1   | Gained mutation: You are agile. (Dex +2) [potion of
                  | mutation]
 15004 | Lair:1   | Lost mutation: You are agile. (Dex +2) [potion of mutation]
 15004 | Lair:1   | Lost mutation: You possess an exceptional clarity of mind.
                  | [potion of mutation]
 15004 | Lair:1   | Lost mutation: Armour fits poorly on your strangely shaped
                  | body. [potion of mutation]
 15004 | Lair:1   | Lost mutation: You are dopey. (Int -2) [potion of mutation]
 15004 | Lair:1   | Gained mutation: You have a beak for a mouth. [potion of
                  | mutation]
 15004 | Lair:1   | Gained mutation: You are very robust. (+20% HP) [potion of
                  | mutation]
 15004 | Lair:1   | Gained mutation: You have claws for feet. [potion of
                  | mutation]
 17053 | Lair:2   | Found a basalt altar of Yredelemnul.
 17243 | Lair:2   | Found a staircase to the Snake Pit.
 17454 | Lair:2   | Got a translucent dagger
 17455 | Lair:2   | Identified the +5 dagger of Zemedi {pierce, +Inv rPois rF+
                  | rN+} (You found it on level 2 of the Lair of Beasts)
 17597 | Lair:3   | Reached skill level 6 in Invocations
 17924 | Lair:3   | Reached skill level 7 in Invocations
 18270 | Lair:3   | Reached skill level 8 in Invocations
 18487 | Lair:3   | Found a staircase to the Shoals.
 19904 | Lair:5   | Noticed a death yak
 19904 | Lair:5   | Noticed a death yak
 19904 | Lair:5   | Noticed a death yak
 19904 | Lair:5   | Noticed a death yak
 19906 | Lair:5   | Noticed a death yak
 19935 | Lair:4   | Killed a death yak
 19935 | Lair:4   | Reached skill level 9 in Invocations
 20127 | Lair:5   | Reached skill level 10 in Fighting
 20148 | Lair:5   | Reached XP level 13. HP: 115/123 MP: 22/22
 20275 | Lair:5   | Reached skill level 10 in Invocations
 20844 | Lair:4   | Reached skill level 11 in Invocations
 21922 | Lair:5   | Got a transparent steel ring
 21924 | Lair:5   | Identified the ring "Upseuhaf" {Wiz Int+3} (You found it on
                  | level 5 of the Lair of Beasts)
 22093 | Lair:5   | Found a staircase to the Slime Pits.
 22513 | Lair:6   | Entered Level 6 of the Lair of Beasts
 22524 | Lair:5   | Reached skill level 12 in Invocations
 23472 | Lair:6   | Reached skill level 10 in Axes
 23784 | Lair:6   | Reached skill level 13 in Invocations
 23833 | Lair:6   | Noticed a dire elephant
 24051 | Lair:5   | Killed a dire elephant
 24688 | Lair:6   | Gained mutation: You have a pair of small antennae on your
                  | head. [demonic ancestry]
 24688 | Lair:6   | Reached XP level 14. HP: 125/135 MP: 24/24
 25488 | Lair:6   | Identified a scroll of acquirement
 25785 | Lair:6   | Reached skill level 14 in Invocations
 26544 | D:11     | Found a blossoming altar of Fedhas.
 26770 | D:11     | Killed Urug
 27028 | D:11     | Noticed Psyche
 27073 | D:11     | Cast into level 1 of the Abyss (Psyche)
 27119 | Abyss:1  | Gained mutation: You occasionally shout uncontrollably at
                  | your foes. [a neqoxec]
 27142 | Abyss:1  | Noticed a tentacled starspawn
 27227 | Abyss:1  | Found a corrupted altar of Lugonu.
 27275 | Abyss:1  | Noticed a Hell Sentinel
 27291 | Abyss:1  | Noticed a cacodemon
 27313 | Abyss:1  | Noticed a starcursed mass
 27376 | D:11     | Escaped the Abyss
 27380 | D:11     | Killed Psyche
 29154 | D:13     | Reached skill level 15 in Invocations
 30129 | D:13     | Found a gate to the Vaults.
 30187 | D:13     | Found a runed translucent gate.
 30187 | D:13     | Found a runed translucent gate.
 30187 | D:13     | Found a runed translucent gate.
 30221 | D:13     | Noticed bmj180's ghost (journeyman TrMo)
 30288 | D:13     | Slain by bmj180's ghost

Skill      XL: |  1  2  3  4  5  6  7  8  9 10 11 12 13 14 |
---------------+-------------------------------------------+-----
Fighting       | 2 3 4 5 6 8 10 11 | 11.2
Short Blades   | 1 2 |  2.5
Axes           | 1 4 5 6 8 10 11 | 11.0
Shields        | 4 |  4.1
Invocations    | 5 9 13 15 | 15.4
Spellcasting   | 1 5 6 |  6.0
Hexes          | 1 6 8 9 |  9.3
Armour         | 4 6 8 |  8.9
Dodging        | 5 6 |  6.7
Long Blades    | |  1.0
Polearms       | |  1.0
Stealth        | |  1.7
Evocations     | |  1.0

Action                   |  1- 3 |  4- 6 |  7- 9 | 10-12 | 13-15 || total
-------------------------+-------+-------+-------+-------+-------++-------
Melee: Dagger            |   154 |   264 |   268 |   439 |       ||  1125
       Hand axe          |       |   152 |   147 |   458 |  1143 ||  1900
       Kick              |       |       |    47 |   299 |   423 ||   769
       Peck              |       |       |       |    88 |   271 ||   359
Throw: Javelin           |       |       |       |       |    14 ||    14
 Cast: Confuse           |       |       |    14 |    64 |     5 ||    83
Invok: Elemental Force   |       |       |       |     1 |     5 ||     6
       Upheaval          |       |       |       |     1 |     2 ||     3
Evoke: Wand              |       |     5 |       |     4 |    27 ||    36
  Use: Scroll            |     4 |     4 |       |    19 |    10 ||    37
       Potion            |       |       |       |     6 |    13 ||    19
 Stab: Sleeping          |     9 |     5 |     7 |       |       ||    21
       Paralysed         |       |     2 |       |       |     8 ||    10
       Distracted        |       |     1 |     1 |       |       ||     2
       Confused          |       |       |     5 |    28 |     6 ||    39
       Petrified         |       |       |       |       |     7 ||     7
  Eat: Chunk             |     2 |     7 |    10 |    30 |    32 ||    81
       Ration            |       |       |     3 |     5 |       ||     8
Armor: Robe              |    27 |       |       |       |       ||    27
       Ring mail         |    12 |    91 |    47 |   112 |   143 ||   405
       Skin              |       |       |       |       |     5 ||     5
Dodge: Dodged            |   101 |   259 |   196 |   502 |   513 ||  1571
       Deflected         |       |       |       |     5 |     7 ||    12
Block: Buckler           |       |       |   166 |   614 |   688 ||  1468
